 Dungeon Crawl Stone Soup version 0.32-a0-540-g866d13106e (webtiles) character file.

Game seed: 15568973168496988289

35 lunkers the Cutter (level 3, -8/27 HPs)
             Began as a Coglin Brigand on Feb 28, 2024.
             Mangled by Sigmund
             ... wielding a +0 scythe
              (10 damage)
             ... on level 2 of the Dungeon.
             The game lasted 00:01:14 (924 turns).

lunkers the Cutter (Coglin Brigand)                  Turns: 924, Time: 00:01:15

Health: -8/27      AC:  7    Str: 13    XL:     3   Next: 35%
Magic:  3/3        EV:  0    Int: 10    God:
Gold:   97         SH:  0    Dex: 15    Spells: 2/2 levels left

rFire   . . .        a - +2 dagger {Mirko}
rCold   . . .        (no shield)
rNeg    . . .        k - +0 ring mail
rPois   .            (no helmet)
rElec   .            c - +0 cloak
rCorr   .            i - +0 pair of gloves
SInv    .            (no boots)
Will    .....        (no amulet)
Stlth   ++           (ring unavailable)
HPRegen 0.24/turn    (ring unavailable)
MPRegen 0.08/turn

%: no passive effects
@: constricted, revved
A: off-hand wielding, slow wielding, warmup strikes, no rings
a: no special abilities


You were on level 2 of the Dungeon.
You visited 1 branch of the dungeon, and saw 2 of its levels.

You collected 97 gold pieces.

Inventory:

Hand Weapons
 a - a +2 dagger (weapon) {Mirko}
Missiles
 d - 9 poisoned darts
 e - 3 curare-tipped darts
Armour
 b - a +0 robe
 c - a +0 cloak (worn)
 i - a +0 pair of gloves (worn)
 k - a +0 ring mail (worn)
Scrolls
 f - a scroll of enchant weapon {unknown}
 g - 3 scrolls of identify {unknown}
 j - a scroll of fear {unknown}
Potions
 h - a potion of haste {unknown}
 l - a potion of magic {unknown}
 m - a potion of attraction {unknown}


   Skills:
 - Level 2.0 Fighting
 + Level 3.3 Short Blades
 - Level 1.7 Throwing
 - Level 0.8 Dodging
 - Level 3.2 Stealth


You had 2 spell levels left.
You didn't know any spells.
Your spell library was empty.

Dungeon Overview and Level Annotations

Branches:
Dungeon (2/15)

Altars:

Annotations:
D:2 Sigmund


Innate Abilities, Weirdness & Mutations

You can wield a second weapon in your off-hand.
It takes a long time for you to wield or remove held weapons.
Your first few attacks do less damage.
Your grasper-arms cannot wear rings.


Message History

The ball python closely misses you. Sigmund hits you but does no damage.
Unknown command.
You hit Sigmund.
Sigmund is moderately wounded.
The ball python misses you. The ball python barely misses you.
Unknown command.
You hit Sigmund but do no damage.
Sigmund is moderately wounded.
The ball python closely misses you. Sigmund hits you with a +0 scythe!
The ball python bites you but does no damage.
The ball python grabs you. The ball python constricts you.
Unknown command.
You closely miss Sigmund.
Sigmund is moderately wounded.
Sigmund hits you with a +0 scythe!
* * * LOW HITPOINT WARNING * * *
The ball python bites you but does no damage.
The ball python constricts you.
* * * LOW HITPOINT WARNING * * *
You hit Sigmund.
Sigmund is moderately wounded.
The ball python bites you but does no damage.
The ball python constricts you.
Unknown command.
You hit Sigmund.
Sigmund is heavily wounded.
Sigmund hits you with a +0 scythe.
* * * LOW HITPOINT WARNING * * *
You hit Sigmund.
Sigmund is severely wounded.
The ball python bites you but does no damage.
The ball python constricts you.
The ball python bites you but does no damage.
The ball python constricts you.
Unknown command.
You hit Sigmund.
Sigmund is severely wounded.
Sigmund hits you with a +0 scythe!
You die...
Sigmund begins carving another notch in his scythe.

#.####.#..........
#.#....#.....####.
#.#.####...#......
#.#.#.............
#.#...........####
#.#.#.#####.#.#
#.###.# #.#.#
..#####.....#
#.#..
......S@#####
#.####
..#####@....... .#
######### .#


You could see Sigmund and a ball python.

Vanquished Creatures
  2 dart slugs (D:1)
  3 bats (D:1)
  7 endoplasms (D:1)
  A goblin (D:1)
  4 hobgoblins (D:1)
  3 quokkas (D:1)
  A ball python (D:1)
  2 frilled lizards (D:1)
  2 kobolds (D:1)
  3 rats (D:1)
28 creatures vanquished.

Notes
Turn   | Place    | Note
-------+----------+-------------------------------------------
     0 | D:1      | lunkers the Coglin Brigand began the quest for the Orb.
     0 | D:1      | Reached XP level 1. HP: 16/16 MP: 1/1
    73 | D:1      | Reached XP level 2. HP: 14/22 MP: 2/2
   431 | D:1      | Reached XP level 3. HP: 23/27 MP: 3/3
   911 | D:2      | Noticed Sigmund
   924 | D:2      | Mangled by Sigmund

Illustrated notes

Levels and vault maps discovered:
D:1:      minmay_arrival_cross, layout_basic, minmay_liquid_box
D:2:      layout_basic, serial_shops, nicolae_shop_getting_attention,
          grunt_decor_one_mirror, kennysheep_donut, kennysheep_small_spiral,
          uniq_jessica, uniq_sigmund

Skill      XL: |  1  2 |
---------------+-------+-----
Short Blades   | 2 3 |  3.3
Fighting       | |  2.0
Throwing       | |  1.7
Dodging        | |  0.8
Stealth        | |  3.2

Action                     || total
---------------------------++-------
  Melee: Dagger            ||    85
   Stab: Sleeping          ||     6
 Armour: Robe              ||    16
         Ring mail         ||    27
  Dodge: Dodged            ||    37

Table legend: (Time is in decaauts)
 A = Elapsed time spent in this place.
 B = Non-inter-level travel time spent in this place.
 C = Inter-level travel time spent in this place.
 D = Time resting spent in this place.
 E = Time spent auto-exploring this place.
 F = Levels seen in this place.
 G = Mean time per level.
                   A        B        C        D        E       F      G
               +--------+--------+--------+--------+--------+-----+--------+
         Total |    912 |    904 |      8 |      0 |    707 |   2 |  456.0 |
       Dungeon |    912 |    904 |      8 |      0 |    707 |   2 |  456.0 |
               +--------+--------+--------+--------+--------+-----+--------+

Top non-repeatable levels by time:
     D:1: 874 daAuts
     D:2: 37 daAuts
